[Event "Titled Tuesday Blitz August 1 Late 2023"]
[White "Rios Escobar, Adan"]
[Black "Ardila, Oscar Humberto"]
[WhiteFideId "3403645"]
[BlackFideId "4404742"]
[WhiteElo "2453"]
[BlackElo "2313"]
[Result "1-0"]
[Round "6"]
[TimeControl "180+1"]
[Date "2023.08.01"]
[WhiteClock "0:00:26"]
[BlackClock "0:00:33"]
[Board "110"]

1. d4 Nf6 2. g3 g6 3. Bg2 Bg7 4. e4 d6 5. Ne2 O-O 6. O-O Nbd7 7. Nbc3 e5 8. h3 Re8 9. Be3 c6 10. a4 Qc7 11. a5 Nf8 12. g4 h5 13. g5 N6h7 14. Qd2 Ne6 15. d5 Nf4 16. Nxf4 exf4 17. Bxf4 Be5 18. Bxe5 Rxe5 19. f4 Re8 20. Rfe1 c5 21. e5 Bf5 22. Nb5 Qd7 23. Nxd6 Bxh3 24. Nxe8 Rxe8 25. e6 Bxe6 26. Qe3 Qc7 27. dxe6 Rxe6 28. Qf2 Nf8 29. Bd5 Rd6 30. c4 b6 31. axb6 Rxb6 32. Re8 Kg7 33. Rae1 Rb3 34. R1e7 Qa5 35. Rxf7+ Kh8 36. Rexf8# 1-0


[Site "https://www.chess.com"]

[Event "Titled Tuesday Blitz August 1 Late 2023"]
[White "Urbina Perez, Juan Antonio"]
[Black "Harish, Neeraj"]
[WhiteFideId "2217368"]
[BlackFideId "30958130"]
[WhiteElo "2449"]
[BlackElo "2306"]
[Result "1-0"]
[Round "6"]
[TimeControl "180+1"]
[Date "2023.08.01"]
[WhiteClock "0:01:23"]
[BlackClock "0:01:46"]
[Board "111"]

1. d4 d5 2. c4 e6 3. Nf3 Nf6 4. g3 h6 5. Bg2 Bd6 6. O-O O-O 7. Nc3 Nc6 8. cxd5 exd5 9. Nb5 Bf5 10. Nxd6 cxd6 11. Bf4 Rc8 12. Rc1 b5 13. Qb3 a6 14. Qa3 Ne4 15. Qxa6 Nb4 16. Qxb5 Nxa2 17. Rxc8 Qxc8 18. Qxd5 Qe6 19. Qa5 Rb8 20. d5 1-0


[Site "https://www.chess.com"]

[Event "Titled Tuesday Blitz August 1 Late 2023"]
[White "Lehtosaari, Mauri"]
[Black "Georg, Heinz"]
[WhiteFideId "501999"]
[BlackFideId "4607295"]
[WhiteElo "2448"]
[BlackElo "2305"]
[Result "1-0"]
[Round "6"]
[TimeControl "180+1"]
[Date "2023.08.01"]
[WhiteClock "0:01:58"]
[BlackClock "0:00:55"]
[Board "112"]

1. d4 e6 2. Nf3 f5 3. Bf4 Nf6 4. e3 b6 5. Be2 Bb7 6. O-O Bd6 7. Bxd6 cxd6 8. Nc3 O-O 9. b3 Bxf3 10. Bxf3 d5 11. Ne2 Nc6 12. c4 dxc4 13. bxc4 g5 14. g3 g4 15. Bg2 Rc8 16. Rc1 d6 17. Nf4 Qe7 18. Nxe6 Qxe6 19. d5 Qe5 20. dxc6 Ne4 21. Qd5+ Kh8 22. Rfd1 Rfe8 23. Bxe4 Qxe4 24. Qxd6 Qxc6 25. Qd4+ Kg8 26. Qf4 Qe4 27. Qg5+ Kf8 28. Qf6+ Kg8 29. Rd7 1-0


[Site "https://www.chess.com"]

[Event "Titled Tuesday Blitz August 1 Late 2023"]
[White "slidingknight2775"]
[Black "Garmendiarov"]
[WhiteElo "2444"]
[BlackElo "2286"]
[Result "1-0"]
[Round "6"]
[TimeControl "180+1"]
[Date "2023.08.01"]
[WhiteClock "0:00:07"]
[BlackClock "0:00:00"]
[Board "113"]

1. d4 Nf6 2. c4 g6 3. Nc3 d5 4. Nf3 Bg7 5. h4 h5 6. Bg5 O-O 7. Bxf6 exf6 8. cxd5 f5 9. e3 Nd7 10. Bc4 Nb6 11. Bb3 Bd7 12. Ne5 Re8 13. Nxd7 Qxd7 14. O-O f4 15. Qf3 fxe3 16. fxe3 f5 17. Rae1 Kh7 18. Kh1 a5 19. a4 Qe7 20. Qg3 Bf6 21. Rf4 Qb4 22. Bc2 Qxb2 23. Rxf5 Qxc2 24. Rxf6 Rg8 25. e4 Raf8 26. Ref1 Rxf6 27. Rxf6 Nc4 28. Rf7+ Rg7 29. Rxg7+ Kxg7 30. Qxc7+ Kh6 31. Qf4+ Kg7 32. Qc7+ Kh6 33. Qxc4 Qc1+ 34. Kh2 Qf4+ 35. Kh3 Qe3+ 36. g3 Qg1 37. Qe2 Qh1+ 38. Qh2 Qf1+ 39. Qg2 Qd3 40. Ne2 Qd1 41. Kh2 Qd2 42. d6 Qb4 43. e5 Qxa4 44. e6 Qc4 45. d7 Qxe6 46. d8=Q a4 47. Qg5+ Kg7 48. Qxb7+ Kf8 49. Qd8+ Qe8 50. Qbe7+ 1-0


[Site "https://www.chess.com"]

[Event "Titled Tuesday Blitz August 1 Late 2023"]
[White "Zhukova, Natalia"]
[Black "Ward, Ieuan C"]
[WhiteFideId "14101513"]
[BlackFideId "406627"]
[WhiteElo "2437"]
[BlackElo "2300"]
[Result "1-0"]
[Round "6"]
[TimeControl "180+1"]
[Date "2023.08.01"]
[WhiteClock "0:00:37"]
[BlackClock "0:00:00"]
[Board "114"]

1. c4 e5 2. Nc3 Nc6 3. Nf3 g6 4. d4 exd4 5. Nxd4 Bg7 6. Nxc6 bxc6 7. g3 Nf6 8. Bg2 O-O 9. O-O Bb7 10. b3 Ne4 11. Bxe4 Bxc3 12. Bh6 Bg7 13. Bxg7 Kxg7 14. Qd4+ f6 15. Rad1 Rf7 16. c5 Qe8 17. Rd2 d5 18. cxd6 cxd6 19. Bf3 d5 20. h4 h5 21. Rc1 Qe5 22. Rc5 Rc8 23. b4 Ba6 24. a4 Bc4 25. Qxe5 fxe5 26. Bxd5 Bxd5 27. Rdxd5 cxd5 28. Rxc8 Rb7 29. b5 Kf6 30. Rc6+ Kf5 31. Rd6 d4 32. Kg2 g5 33. hxg5 Kxg5 34. Rd5 Kf6 35. f4 exf4 36. gxf4 Ke6 37. Rxh5 1-0


[Site "https://www.chess.com"]

[Event "Titled Tuesday Blitz August 1 Late 2023"]
[White "Kirillov, Dmitry"]
[Black "Pein, Malcolm"]
[WhiteFideId "34180572"]
[BlackFideId "400289"]
[WhiteElo "2435"]
[BlackElo "2286"]
[Result "0-1"]
[Round "6"]
[TimeControl "180+1"]
[Date "2023.08.01"]
[WhiteClock "0:00:00"]
[BlackClock "0:00:25"]
[Board "115"]

1. d4 Nf6 2. Nf3 c5 3. e3 g6 4. Bd3 Bg7 5. O-O O-O 6. dxc5 Qa5 7. a3 Qxc5 8. b4 Qc7 9. Bb2 b6 10. c4 Bb7 11. Nbd2 d6 12. Qb3 Nbd7 13. Rac1 Rac8 14. Rfd1 Qb8 15. Bf1 Qa8 16. h3 Rc7 17. Nd4 a6 18. Ne2 Rfc8 19. Nf4 d5 20. cxd5 Nxd5 21. Rxc7 Rxc7 22. Bxg7 Nxf4 23. exf4 Kxg7 24. Nc4 Bd5 25. Qb2+ Kg8 26. Ne5 Nf6 27. f5 Qc8 28. fxg6 hxg6 29. Qd4 Rc1 30. Rxc1 Qxc1 31. Qxb6 Qa1 32. Qd8+ Kg7 33. Qxe7 Ng8 34. Qd6 Be6 35. Nf3 Nf6 36. Qd4 Qxa3 37. Ng5 Bd5 38. Kh2 Qc1 39. h4 Qxf1 40. f3 Qc4 41. Qf2 Qf4+ 42. g3 Ng4+ 43. Kg2 Nxf2 44. gxf4 Nd3 45. Ne4 Bxe4 0-1


[Site "https://www.chess.com"]

[Event "Titled Tuesday Blitz August 1 Late 2023"]
[White "Carrasco Miranda, Andres"]
[Black "Thiel, Thomas"]
[WhiteFideId "3405990"]
[BlackFideId "4615964"]
[WhiteElo "2434"]
[BlackElo "2273"]
[Result "1-0"]
[Round "6"]
[TimeControl "180+1"]
[Date "2023.08.01"]
[WhiteClock "0:00:04"]
[BlackClock "0:00:00"]
[Board "116"]

1. d4 d5 2. c4 dxc4 3. e4 e5 4. Nf3 exd4 5. Bxc4 Nc6 6. O-O Be6 7. Bxe6 fxe6 8. Qb3 Qd7 9. Qxb7 Rb8 10. Qa6 Nge7 11. Nbd2 Ng6 12. Nc4 Bd6 13. e5 Ngxe5 14. Nfxe5 Nxe5 15. Nxe5 Bxe5 16. Re1 Bd6 17. Qxa7 O-O 18. b3 Bb4 19. Rd1 Bc3 20. Ba3 Bxa1 21. Bxf8 Rxf8 22. Rxa1 e5 23. Qc5 Qd6 24. Qxd6 cxd6 25. f3 Rb8 26. Kf2 Kf8 27. Ke2 Ke7 28. Kd3 Ke6 29. Rc1 Kd5 30. Rc7 g5 31. h3 h5 32. Ra7 Rc8 33. Ra5+ Ke6 34. b4 Rc3+ 35. Kd2 d5 36. Ra6+ Kf5 37. b5 e4 38. Rd6 Ke5 39. Rg6 Ra3 40. Rxg5+ Kf4 41. Rxd5 Rxa2+ 42. Kc1 Ke3 43. fxe4 d3 44. e5 d2+ 45. Kb1 Ra5 46. Kc2 Ra2+ 47. Kb3 Ra1 48. e6 Rb1+ 49. Kc2 Rc1+ 50. Kb2 Rc5 51. Rxc5 d1=Q 52. e7 Qd4+ 53. Rc3+ Kd2 54. e8=Q Qxc3+ 55. Ka2 Qc2+ 56. Ka3 Qc3+ 57. Ka4 Qc4+ 58. Ka5 Qc3+ 59. Ka6 Qa3+ 60. Kb7 Qg3 61. Qd7+ Ke2 62. Qc6 1-0


[Site "https://www.chess.com"]

[Event "Titled Tuesday Blitz August 1 Late 2023"]
[White "De Souza, Cristiano Gomes"]
[Black "WindWhistler11"]
[WhiteFideId "2151758"]
[WhiteElo "2235"]
[BlackElo "2429"]
[Result "0-1"]
[Round "6"]
[TimeControl "180+1"]
[Date "2023.08.01"]
[WhiteClock "0:00:05"]
[BlackClock "0:00:18"]
[Board "117"]

1. d4 e6 2. c4 Nf6 3. Nf3 c5 4. d5 exd5 5. cxd5 Bd6 6. Nc3 O-O 7. g3 Re8 8. Bg2 Bc7 9. Kf1 d6 10. h4 a6 11. a4 Nbd7 12. e3 Rb8 13. b3 b5 14. axb5 axb5 15. Bb2 b4 16. Na4 Bb7 17. Ng5 h6 18. Nh3 Ba6+ 19. Kg1 c4 20. bxc4 Bxc4 21. Rc1 Bb5 22. Nf4 Ba5 23. Bd4 Ne5 24. Nb2 Rc8 25. Ra1 Bb6 26. Qb3 Bc5 27. f3 Ra8 28. Kf2 Qb6 29. Rxa8 Rxa8 30. Rd1 Ra3 31. Qc2 Neg4+ 32. fxg4 Nxg4+ 33. Kg1 Nxe3 34. Bxe3 Rxe3 35. Kh1 Rxg3 36. Rf1 Rg4 37. Bh3 Rxh4 38. Rf3 Qa7 39. Qf5 Qa1+ 0-1


[Site "https://www.chess.com"]

[Event "Titled Tuesday Blitz August 1 Late 2023"]
[White "Davidson, Kevin"]
[Black "Ruge, Edison"]
[WhiteFideId "2056810"]
[BlackFideId "4401000"]
[WhiteElo "2414"]
[BlackElo "2266"]
[Result "1-0"]
[Round "6"]
[TimeControl "180+1"]
[Date "2023.08.01"]
[WhiteClock "0:00:04"]
[BlackClock "0:00:00"]
[Board "118"]

1. e4 e5 2. Nf3 Nc6 3. Bb5 f5 4. Nc3 fxe4 5. Nxe4 Nf6 6. Nxf6+ Qxf6 7. Qe2 Be7 8. Bxc6 dxc6 9. Nxe5 O-O 10. O-O Bd6 11. f4 c5 12. d3 Be6 13. Bd2 Bd5 14. Nd7 Qxb2 15. Nxf8 Rxf8 16. c4 Bc6 17. a4 Re8 18. Qf2 Qc2 19. Rfe1 Qxd3 20. Rxe8+ Bxe8 21. Qe3 Qd4 22. Rb1 Bc6 23. Qxd4 cxd4 24. a5 a6 25. Kf2 Kf7 26. g3 Kf6 27. Bb4 Be4 28. Rb2 c5 29. Bd2 Bc6 30. Rb1 g6 31. Re1 Bd7 32. Kg2 Be6 33. Rc1 Bf5 34. Kf3 Bd7 35. g4 Bc6+ 36. Kf2 h5 37. h3 Bc7 38. Kg3 hxg4 39. hxg4 Be4 40. Re1 Bd3 41. Rc1 Ke6 42. Kf3 Kf6 43. Kg3 Ke6 44. Kf3 Kf6 45. Be1 Bd8 46. Bh4+ Ke6 47. Bxd8 Kd6 48. Bb6 Kc6 49. g5 Bf5 50. Kg3 Be6 51. Kf3 Bf5 52. Kf2 d3 53. Ke3 Kd6 54. Rc3 Kc6 55. Rxd3 Bxd3 56. Kxd3 Kd6 57. Ke4 Ke6 58. Bxc5 Kd7 59. Bd4 Kc6 60. Ke5 b5 61. axb6 a5 62. c5 a4 63. Kf6 a3 64. Ba1 a2 65. Kxg6 Kxc5 66. b7 1-0


[Site "https://www.chess.com"]

[Event "Titled Tuesday Blitz August 1 Late 2023"]
[White "Feliz Dotel, Dewar Bienvenido"]
[Black "Rodriguez Fontecha, Marcos"]
[WhiteFideId "6402801"]
[BlackFideId "2256576"]
[WhiteElo "2169"]
[BlackElo "2413"]
[Result "0-1"]
[Round "6"]
[TimeControl "180+1"]
[Date "2023.08.01"]
[WhiteClock "0:00:00"]
[BlackClock "0:00:02"]
[Board "119"]

1. d3 e5 2. d4 exd4 3. Qxd4 Nc6 4. Qd1 Bc5 5. e3 d5 6. Nf3 Nf6 7. Be2 O-O 8. O-O Qe7 9. a3 a5 10. b3 h6 11. Bb2 Rd8 12. Nc3 Bf5 13. Nb5 Ne4 14. Nbd4 Nxd4 15. Nxd4 Bg6 16. Qe1 Bb6 17. Bd3 c5 18. Nf3 Rac8 19. Qe2 Bh5 20. Rfd1 Ng5 21. Bf5 Nxf3+ 22. gxf3 Qg5+ 23. Bg4 f5 24. h3 fxg4 25. hxg4 Bf7 26. Kg2 Re8 27. Qb5 Bc7 28. Qxb7 h5 29. Rg1 hxg4 30. Kf1 g3 31. f4 Qf5 32. Rxg3 g6 33. Rd1 d4 34. Qg2 Qh5 35. Rf3 Bd5 36. Ke2 Bxf3+ 37. Qxf3 Qxf3+ 38. Kxf3 Rcd8 39. e4 Kf7 40. e5 Ke6 41. b4 axb4 42. axb4 c4 43. Rg1 Rg8 44. b5 d3 45. cxd3 cxd3 46. Rd1 Bb6 47. Ba3 g5 48. Bd6 gxf4 49. Kxf4 Kd5 50. Rxd3+ Kc4 51. Rd1 Kxb5 52. Ke4 Kc6 53. f4 Rg3 54. Rc1+ Kd7 55. Kf5 Ra8 56. Rd1 Kc6 57. Rc1+ Kd5 58. Rd1+ Bd4 59. e6 Rh3 60. e7 Kxd6 61. Rxd4+ Kxe7 62. Ke4 Rh4 63. Kf3 Rd8 64. Re4+ Kf6 65. Kg3 Rh7 66. Ra4 Rg7+ 67. Kf3 Re7 68. Ra6+ Re6 69. Ra7 Rd5 70. Ra8 Kf5 71. Rf8+ Rf6 72. Rb8 Rd3+ 73. Ke2 Ra3 74. Rb4 Re6+ 75. Kf2 Re4 76. Rb5+ Kxf4 77. Rb8 Rea4 78. Rf8+ Ke4 79. Re8+ Kd3 80. Kf3 Kd2+ 81. Kf2 Rf4+ 82. Kg2 Rd4 83. Kf2 Ra2 84. Rc8 Ra7 85. Rf8 Re7 86. Rf6 Rde4 87. Rf8 Re2+ 0-1


[Site "https://www.chess.com"]

[Event "Titled Tuesday Blitz August 1 Late 2023"]
[White "MrLudus"]
[Black "Jorajuria Mendoza, Algol"]
[BlackFideId "5128897"]
[WhiteElo "2077"]
[BlackElo "2403"]
[Result "1-0"]
[Round "6"]
[TimeControl "180+1"]
[Date "2023.08.01"]
[WhiteClock "0:01:44"]
[BlackClock "0:00:56"]
[Board "120"]

1. e4 c5 2. Nf3 Nc6 3. d4 cxd4 4. Nxd4 Nf6 5. Nc3 e5 6. Ndb5 d6 7. Bg5 a6 8. Na3 b5 9. Nd5 Be7 10. Bxf6 Bxf6 11. c4 b4 12. Nc2 O-O 13. g3 a5 14. h4 g6 15. Bh3 Be6 16. h5 Bg5 17. hxg6 hxg6 18. Bxe6 fxe6 19. Nde3 Bxe3 20. Nxe3 Qg5 21. Qxd6 Nd4 22. O-O-O Rxf2 23. Rd3 Raf8 24. Kb1 Qxe3 25. Rxe3 Rf1+ 26. Re1 R1f2 27. Qxe5 1-0


[Site "https://www.chess.com"]

[Event "Titled Tuesday Blitz August 1 Late 2023"]
[White "Silva Lucena, Cristian"]
[Black "Tarnowska, Aleksandra"]
[WhiteFideId "2232588"]
[BlackFideId "1180967"]
[WhiteElo "2402"]
[BlackElo "2151"]
[Result "0-1"]
[Round "6"]
[TimeControl "180+1"]
[Date "2023.08.01"]
[WhiteClock "0:01:04"]
[BlackClock "0:00:05"]
[Board "121"]

1. Nf3 d5 2. c4 e6 3. g3 Nf6 4. Bg2 Be7 5. O-O O-O 6. b3 b6 7. Bb2 Bb7 8. Nc3 c5 9. cxd5 exd5 10. d4 Nc6 11. Rc1 Rc8 12. dxc5 bxc5 13. Na4 Nb4 14. a3 Na6 15. Nh4 Ne4 16. Nf5 Bf6 17. Bxe4 Bxb2 18. Nxb2 dxe4 19. Qxd8 Rcxd8 20. Rfd1 g6 21. Nd6 Rd7 22. Nbc4 f6 23. Na5 Ba8 24. Ndc4 Rfd8 25. Rxd7 Rxd7 26. h4 Bd5 27. Ne3 Be6 28. Rc2 Kf7 29. g4 h6 30. Kg2 f5 31. gxf5 gxf5 32. Kg3 Kf6 33. Kf4 Rg7 34. b4 cxb4 35. axb4 Nxb4 36. Rc5 Rd7 37. Nxf5 Nd5+ 38. Rxd5 Rxd5 39. Ne3 Rxa5 40. Kxe4 Ra2 41. Kf3 Bf5 42. Nd5+ Ke6 43. Nc7+ Kd7 44. Nb5 h5 45. Nd4 Bg4+ 46. Ke3 a5 47. f3 Be6 48. Kf4 a4 49. e4 Rf2 50. Ke5 Bg8 51. f4 a3 52. f5 a2 53. Nb3 Rb2 54. Na1 Rb1 55. Nc2 Rc1 56. Ne3 a1=Q+ 57. Kf4 Rf1+ 58. Kg5 Qg7+ 59. Kxh5 Bf7# 0-1


[Site "https://www.chess.com"]

[Event "Titled Tuesday Blitz August 1 Late 2023"]
[White "Burke, Paul"]
[Black "Balla, Tamas-Kristof"]
[WhiteFideId "2605767"]
[BlackFideId "1208497"]
[WhiteElo "1904"]
[BlackElo "2373"]
[Result "0-1"]
[Round "6"]
[TimeControl "180+1"]
[Date "2023.08.01"]
[WhiteClock "0:01:30"]
[BlackClock "0:01:11"]
[Board "122"]

1. e4 c5 2. d4 cxd4 3. c3 Nf6 4. Bd3 dxc3 5. Nxc3 Nc6 6. Nf3 d6 7. Bc4 g6 8. Bg5 Bg7 9. O-O O-O 10. h3 a6 11. a3 b5 12. Ba2 Bb7 13. Rc1 Qd7 14. Bxf6 Bxf6 15. Nd5 Bg7 16. Nb6 Qc7 17. Nxa8 Rxa8 18. Bd5 Bxb2 19. Rc2 Bxa3 20. Nd4 Bc5 21. Nxc6 Bxc6 22. Bxc6 Qxc6 23. Qd5 Qxd5 24. exd5 a5 25. Re1 a4 26. Rxe7 a3 27. Ra2 b4 28. Rb7 Re8 29. Rd2 Re1+ 30. Kh2 Rb1 0-1


[Site "https://www.chess.com"]

[Event "Titled Tuesday Blitz August 1 Late 2023"]
[White "Hirneise, Jens"]
[Black "Porat, Tori"]
[WhiteFideId "24614734"]
[BlackFideId "30982626"]
[WhiteElo "2458"]
[BlackElo "2007"]
[Result "1-0"]
[Round "6"]
[TimeControl "180+1"]
[Date "2023.08.01"]
[WhiteClock "0:01:25"]
[BlackClock "0:00:02"]
[Board "123"]

1. e4 c5 2. b3 Nc6 3. Bb2 d6 4. Nf3 e5 5. Bc4 Nf6 6. Ng5 d5 7. exd5 Nxd5 8. Nxf7 Kxf7 9. Qf3+ Ke8 10. Bxd5 Qc7 11. Bxc6+ bxc6 12. Qh5+ Kd8 13. Bxe5 Qe7 14. O-O g6 15. Qe2 Bg7 16. Re1 Bxe5 17. Qxe5 Qxe5 18. Rxe5 Bf5 19. Rxc5 Re8 20. Kf1 Kc7 21. Na3 a6 22. d3 Re6 23. Re1 Rae8 24. Rxe6 Rxe6 25. Nc4 Re7 26. Re5 Rxe5 27. Nxe5 Kb6 28. Ke2 Kc5 29. c3 a5 30. Ke3 g5 31. Nf7 g4 32. Ne5 h5 33. d4+ Kb5 34. a4+ Kb6 35. Nd3 Kc7 36. Nc5 Kb6 37. Kf4 Bg6 38. Kg5 Bf7 39. Kf6 Bd5 40. g3 Kc7 41. Kg6 Kd6 42. Kxh5 Bf3 43. Kg5 Bd1 44. Kf4 Bf3 45. h4 gxh3 46. Kxf3 1-0


[Site "https://www.chess.com"]

[Event "Titled Tuesday Blitz August 1 Late 2023"]
[White "szachmistrz2500"]
[Black "Vafin, Ayrat"]
[BlackFideId "4146530"]
[WhiteElo "2443"]
[BlackElo "2276"]
[Result "0-1"]
[Round "6"]
[TimeControl "180+1"]
[Date "2023.08.01"]
[WhiteClock "0:00:20"]
[BlackClock "0:00:08"]
[Board "124"]

1. d4 d5 2. Nf3 Nf6 3. c4 e6 4. Nc3 Be7 5. Bg5 O-O 6. e3 h6 7. Bh4 Ne4 8. Bxe7 Qxe7 9. cxd5 Nxc3 10. bxc3 exd5 11. Be2 c5 12. O-O Nc6 13. Rb1 b6 14. dxc5 Qxc5 15. Nd4 Nxd4 16. cxd4 Qd6 17. Qb3 Bf5 18. Rbc1 Rfc8 19. Ba6 Rxc1 20. Rxc1 Be4 21. f3 Bf5 22. Bb7 Rd8 23. a4 h5 24. Rc3 h4 25. Qb5 h3 26. g3 Bg6 27. Bc8 Qf6 28. Kf2 Bf5 29. Rc6 Be6 30. Ba6 Bd7 31. Rxf6 Bxb5 32. Rxf7 Kxf7 33. axb5 Rd7 34. g4 Rc7 35. g5 Kg6 36. f4 Kf5 37. Kf3 g6 38. Kg3 Rc2 39. Bb7 Ke4 40. Kxh3 Rc3 41. Kg4 Rxe3 42. Bc8 Kxd4 43. f5 gxf5+ 44. Bxf5 Ke5 45. h4 Re1 46. Bc2 d4 47. h5 Rg1+ 48. Kh4 Kf4 49. Kh3 Kxg5 50. Kh2 Rc1 51. Be4 Re1 52. Bg6 Re3 53. Kg2 d3 54. Kf2 d2 55. Bc2 Re1 0-1


[Site "https://www.chess.com"]

[Event "Titled Tuesday Blitz August 1 Late 2023"]
[White "Vaglio Munoz, Jaime"]
[Black "Polaczek, Richard"]
[WhiteFideId "6500145"]
[BlackFideId "200026"]
[WhiteElo "2276"]
[BlackElo "2426"]
[Result "0-1"]
[Round "6"]
[TimeControl "180+1"]
[Date "2023.08.01"]
[WhiteClock "0:00:07"]
[BlackClock "0:00:01"]
[Board "125"]

1. Nf3 d5 2. c4 d4 3. g3 Nc6 4. Bg2 e5 5. d3 Nf6 6. O-O a5 7. e4 Be7 8. h3 O-O 9. b3 Nd7 10. a3 Nc5 11. Re1 Bd6 12. Bf1 f5 13. Nbd2 fxe4 14. Nxe4 Nxe4 15. Rxe4 Qf6 16. Bg2 Bf5 17. Re1 h6 18. Ra2 Bh7 19. g4 Rae8 20. g5 Qf5 21. Nh4 Qxd3 22. gxh6 Qxd1 23. Rxd1 e4 24. hxg7 Kxg7 25. Bf1 Bf4 26. Ng2 Bxc1 27. Rxc1 Rf3 28. Rb2 Ref8 29. b4 Rxa3 30. b5 Nb4 31. c5 Nd3 32. Bxd3 exd3 33. Rc4 Rd8 34. Rd2 Rc3 35. Ra4 Rc2 36. Ra2 Rxa2 37. Rxa2 Rd5 38. c6 b6 39. Nf4 Rxb5 40. Ne6+ Kf6 41. Nxc7 Rb1+ 42. Kg2 Rc1 43. Nd5+ Ke5 44. Nf4 Rc2 45. Ra1 d2 46. Ne2 d3 47. Ng3 Rc1 48. Ra4 d1=Q 49. Rh4 Qg1+ 50. Kf3 Rc2 51. Rh5+ Ke6 52. Rh6+ Kd5 53. Rh5+ Kxc6 54. Rh6+ Kb5 55. Rxh7 Rxf2+ 56. Kg4 Qg2 57. Rh5+ Ka6 58. Rg5 Rf3 59. Kh4 Rf4+ 60. Kh5 Qxh3+ 61. Kg6 Rf3 62. Nh5 Qe6+ 63. Kh7 Qe4+ 64. Kh6 d2 65. Rg8 Qe3+ 66. Kh7 Qe4+ 67. Kh6 Rh3 68. Rg5 Qe3 69. Kg6 d1=Q 70. Rxa5+ Kxa5 71. Nf6 Qd6 72. Kf7 Qee6+ 73. Kg6 Qxf6# 0-1


[Site "https://www.chess.com"]

[Event "Titled Tuesday Blitz August 1 Late 2023"]
[White "Kubatko, Ivan"]
[Black "Tqebuchava, Zurab"]
[WhiteFideId "24111473"]
[BlackFideId "13601113"]
[WhiteElo "2398"]
[BlackElo "2276"]
[Result "1-0"]
[Round "6"]
[TimeControl "180+1"]
[Date "2023.08.01"]
[WhiteClock "0:00:07"]
[BlackClock "0:00:00"]
[Board "126"]

1. e4 d6 2. d4 Nf6 3. Nc3 Nbd7 4. f4 e5 5. Bc4 Nb6 6. Bb3 exd4 7. Qxd4 Be7 8. Nf3 O-O 9. Be3 a5 10. a3 Be6 11. O-O-O Bxb3 12. cxb3 Nfd7 13. e5 Nc5 14. Kc2 Qc8 15. Nd5 Qf5+ 16. Kc3 Nxd5+ 17. Qxd5 Ne4+ 18. Kc4 c6 19. Qd4 d5+ 20. Kd3 Bc5 21. g4 Qd7 22. Qxc5 Nxc5+ 23. Bxc5 Rfe8 24. h3 Qc7 25. Nd4 b6 26. Bd6 Qd7 27. f5 c5 28. Nf3 Qb5+ 29. Kc2 a4 30. bxa4 Qxa4+ 31. Kc1 Qf4+ 32. Nd2 c4 33. Rhf1 Qe3 34. Bb4 Ra4 35. Rde1 Qg5 36. Bc3 b5 37. e6 fxe6 38. f6 gxf6 39. Bxf6 Qh6 40. g5 Qg6 41. Nf3 b4 42. Ne5 1-0


[Site "https://www.chess.com"]

[Event "Titled Tuesday Blitz August 1 Late 2023"]
[White "Osmonbekov, Talaibek"]
[Black "Jahnz, Fabian"]
[WhiteFideId "2017253"]
[BlackFideId "4653300"]
[WhiteElo "2198"]
[BlackElo "2391"]
[Result "1-0"]
[Round "6"]
[TimeControl "180+1"]
[Date "2023.08.01"]
[WhiteClock "0:00:15"]
[BlackClock "0:00:01"]
[Board "127"]

1. d4 d5 2. Nc3 c6 3. Bf4 Bf5 4. e3 e6 5. Nf3 Nf6 6. Ne5 Nbd7 7. g4 Nxe5 8. gxf5 Ned7 9. fxe6 fxe6 10. Rg1 g6 11. Bh3 Qe7 12. f3 Bg7 13. Qd3 e5 14. Bg5 exd4 15. Qxd4 O-O 16. O-O-O b5 17. Qh4 Ne5 18. Rdf1 b4 19. Ne2 Nc4 20. Nd4 Qe5 21. b3 Na3 22. Bf4 Qh5 23. Qg3 c5 24. Ne6 Rf7 25. Bg4 Nxg4 26. fxg4 Rxf4 27. gxh5 Rxf1+ 28. Rxf1 Re8 29. Nxg7 Kxg7 30. hxg6 hxg6 31. Qc7+ Kh6 32. Qxc5 Re4 33. Qxd5 Rxe3 34. Qb7 Rc3 35. Rf2 Re3 36. Qxb4 Re1+ 37. Kb2 Nb1 38. Qh4+ Kg7 39. Rf7+ Kxf7 40. Qxe1 1-0


[Site "https://www.chess.com"]

[Event "Titled Tuesday Blitz August 1 Late 2023"]
[White "Haitin, Ilja"]
[Black "Vila Dupla, Aurelio"]
[WhiteFideId "4501764"]
[BlackFideId "2203383"]
[WhiteElo "2366"]
[BlackElo "2157"]
[Result "1-0"]
[Round "6"]
[TimeControl "180+1"]
[Date "2023.08.01"]
[WhiteClock "0:02:15"]
[BlackClock "0:01:37"]
[Board "128"]

1. Nf3 Nf6 2. b3 d5 3. Bb2 Bf5 4. e3 e6 5. g3 Be7 6. Bg2 O-O 7. O-O h6 8. d3 c5 9. Nbd2 Bg4 10. h3 Bh5 11. g4 Bg6 12. Ne5 Bh7 13. f4 Nfd7 14. Qf3 Bf6 15. Rae1 Nxe5 16. fxe5 Bh4 17. Re2 f5 18. gxf5 Bf6 19. exf6 1-0


[Site "https://www.chess.com"]

[Event "Titled Tuesday Blitz August 1 Late 2023"]
[White "Elissalt Cardenas, Hector"]
[Black "Aung Thant Zin"]
[WhiteFideId "3500632"]
[BlackFideId "13000063"]
[WhiteElo "2353"]
[BlackElo "2157"]
[Result "1-0"]
[Round "6"]
[TimeControl "180+1"]
[Date "2023.08.01"]
[WhiteClock "0:00:19"]
[BlackClock "0:00:14"]
[Board "129"]

1. d4 Nf6 2. c4 e6 3. Nc3 Bb4 4. e3 c5 5. Bd3 Nc6 6. Ne2 d6 7. O-O Bxc3 8. bxc3 e5 9. Ng3 O-O 10. d5 Na5 11. f4 e4 12. Nxe4 Nxe4 13. Bxe4 Nxc4 14. Bd3 Nb6 15. c4 f5 16. Bb2 Qe7 17. Re1 Bd7 18. Rb1 Rae8 19. Qd2 Na4 20. Ba1 b5 21. cxb5 Nb6 22. Kh1 Kh8 23. Bc2 Qf7 24. a4 Qxd5 25. Qc3 Qf7 26. Rbd1 Re6 27. a5 Bxb5 28. axb6 Rg6 29. bxa7 Bc6 30. Rd2 Qxa7 31. e4 Re8 32. Rde2 Re7 33. exf5 Rh6 34. Rxe7 1-0


[Site "https://www.chess.com"]

[Event "Titled Tuesday Blitz August 1 Late 2023"]
[White "Curtis, John"]
[Black "Srdanovic, Jovana"]
[WhiteFideId "3200256"]
[BlackFideId "954810"]
[WhiteElo "2092"]
[BlackElo "2347"]
[Result "0-1"]
[Round "6"]
[TimeControl "180+1"]
[Date "2023.08.01"]
[WhiteClock "0:00:00"]
[BlackClock "0:00:04"]
[Board "130"]

1. e4 e5 2. Nf3 Nc6 3. Bb5 a6 4. Ba4 d6 5. O-O Bd7 6. c3 g6 7. d4 Bg7 8. Bg5 f6 9. Be3 Nge7 10. d5 Nb8 11. Bxd7+ Nxd7 12. c4 O-O 13. Nc3 h6 14. Ne1 f5 15. f3 f4 16. Bf2 g5 17. Nd3 Ng6 18. c5 Qf6 19. Qa4 b5 20. cxb6 Nxb6 21. Bxb6 cxb6 22. Qb3 Rab8 23. Nf2 h5 24. Rac1 Nh4 25. h3 Qg6 26. a3 Bf6 27. Qd1 b5 28. Qe2 Bd8 29. Kh2 Bb6 30. Na2 Bxf2 31. Qxf2 Qg7 32. Rc6 Rfd8 33. Nb4 a5 34. Na6 Rbc8 35. Rfc1 Rxc6 36. Rxc6 Ng6 37. Nc7 Nf8 38. Qb6 g4 39. Ne6 Nxe6 40. dxe6 Rf8 41. Rc7 Qg6 42. Qg1 g3+ 43. Kh1 Qxe6 44. Qb6 Rf7 45. Rc8+ Kg7 46. Qb8 d5 47. Rg8+ Kf6 48. Qd8+ Qe7 49. Qxd5 Qe6 50. Rd8 Qxd5 51. Rxd5 Rc7 52. Rd1 Rc2 53. Rb1 b4 54. Kg1 bxa3 55. bxa3 Ra2 56. Kf1 Rxa3 57. Rb6+ Kg5 58. Re6 Ra1+ 59. Ke2 Ra2+ 60. Kd3 Rxg2 61. Rxe5+ Kh4 62. Rxa5 Rf2 63. Rf5 Rxf3+ 64. Ke2 Rf2+ 0-1


[Site "https://www.chess.com"]

[Event "Titled Tuesday Blitz August 1 Late 2023"]
[White "Ardito, Andrew"]
[Black "Hacker, Jonas"]
[WhiteFideId "2033976"]
[BlackFideId "1270968"]
[WhiteElo "2124"]
[BlackElo "2321"]
[Result "0-1"]
[Round "6"]
[TimeControl "180+1"]
[Date "2023.08.01"]
[WhiteClock "0:01:40"]
[BlackClock "0:01:36"]
[Board "131"]

1. e4 e5 2. Nf3 Nc6 3. g3 h5 4. d3 h4 5. Nxh4 Bc5 6. Qg4 g6 7. Bg5 Nh6 8. Bxd8 Nxg4 9. Bxc7 Nxf2 10. b4 Nxb4 11. Bxe5 Rxh4 12. gxh4 Nxc2+ 13. Kd2 Nxa1 14. Bxa1 Nxh1 15. d4 Be7 0-1


[Site "https://www.chess.com"]